 Dungeon Crawl Stone Soup version 0.31-a0-1009-g454b1f1e0a (webtiles) character file.

Game seed: 12173318731140566434

10084 Chiseanne the Covert (level 11, -3/58 HPs)
             Began as a Spriggan Wanderer on Nov 15, 2023.
             Was an Initiate of Gozag.
             Slain by an acid dragon (8 damage)
             ... on level 10 of the Dungeon.
             The game lasted 00:42:47 (13006 turns).

Chiseanne the Covert (Spriggan Wanderer)           Turns: 13006, Time: 00:42:48

Health: -3/58      AC:  4    Str:  9    XL:     11   Next: 31%
Magic:  16/16      EV: 20    Int: 15    God:    Gozag
Gold:   318        SH:  4    Dex: 17    Spells: 15/15 levels left

rFire   + . .        a - +4 dagger (elec)
rCold   . . .        B - +0 buckler
rNeg    . . .        L - +0 swamp dragon scales
rPois   +            b - +0 hat
rElec   .            t - +0 cloak
rCorr   .            (gloves unavailable)
SInv    +            (boots unavailable)
Will    +....        q - amulet of faith
Stlth   +++++        f - ring of protection from fire
HPRegen 0.29/turn    H - +4 ring of protection
MPRegen 0.15/turn

%: faith
@: corroded, gold aura, very quick
A: very small, no large weapons, unfitting armour, see invisible, speed 3
a: Renounce Religion, Potion Petition, Call Merchant, Bribe Branch


You were on level 10 of the Dungeon.
You worshipped Gozag.
Gozag was aware of your devotion.
You visited 2 branches of the dungeon, and saw 12 of its levels.

You collected 1686 gold pieces.
You spent 700 gold pieces at shops.
You paid 668 gold pieces to Gozag.

Inventory:

Hand Weapons
 a - a +4 dagger of electrocution (weapon)
 j - a +0 dagger of speed
 o - a +5 scimitar
 w - a +3 sling of draining
 x - a +4 heavy long sword
Missiles
 i - 22 poisoned darts
 y - a curare-tipped dart
 z - a throwing net
Armour
 b - a +0 hat (worn)
 t - a +0 cloak (worn)
 B - a +0 buckler (worn)
 L - +0 swamp dragon scales (worn)
Jewellery
 f - a ring of protection from fire (left hand)
 h - an amulet of magic regeneration
 l - a ring of resist corrosion
 n - a ring of willpower
 q - an amulet of faith (around neck)
 H - a +4 ring of protection (right hand)
Talismans
 e - a beast talisman
 v - a maw talisman
 A - a beast talisman
Wands
 g - a wand of polymorph (5)
 r - a wand of flame (18)
 E - a wand of paralysis (10)
 F - a wand of roots (7)
 G - a wand of digging (3)
Scrolls
 m - 13 scrolls of teleportation
 C - a scroll of poison
 I - a scroll of identify
 K - a scroll of silence
Potions
 c - 5 potions of might
 k - a potion of haste
 p - 2 potions of curing
 s - 4 potions of enlightenment
 u - a potion of berserk rage
 D - 3 potions of lignification
 J - 2 potions of ambrosia


   Skills:
 * Level 7.6 Fighting
 * Level 9.2 Ranged Weapons
 * Level 0.1 Armour
 - Level 11.9 Dodging
 - Level 13.7 Stealth
 * Level 0.1 Shields
 - Level 2.8 Spellcasting
 - Level 1.5 Evocations


You had 15 spell levels left.
You didn't know any spells.
Your spell library contained the following spells:

 Spells                   Type           Power      Damage    Failure   Level
 Sandblast                Erth           4%         2d4       67%         1
 Blink                    Tloc           4%         N/A       80%         2
 Lesser Beckoning         Tloc           4%         N/A       80%         2
 Momentum Strike          Conj/Tloc      4%         3d8       80%         2
 Dazzling Flash           Conj/Hex       4%         N/A       95%         3
 Inner Flame              Hex/Fire       2%         N/A       95%         3
 Ozocubu's Armour         Ice            2%         N/A       95%         3
 Volatile Blastmotes      Fire/Tloc      4%         2d10      95%         3
 Animate Armour           Summ/Erth      4%         N/A       100%        4
 Manifold Assault         Tloc           2%         N/A       100%        4
 Summon Lightning Spire   Summ/Air       2%         N/A       100%        4
 Lee's Rapid Deconstruct  Erth           1%         3d4*      100%        5
 Starburst                Conj/Fire      1%         6d3       100%        6
 Maxwell's Capacitive Co  Air            1%         ∞         100%        8


Dungeon Overview and Level Annotations

Branches:
Dungeon (11/15)            Temple (1/1) D:4
   Lair: D:8-11         Orc: D:9-12

Altars:
Ashenzari
Cheibriados
Dithmenos
Elyvilon
Fedhas
Gozag
Hepliaklqana
Kikubaaqudgha
Makhleb
Nemelex Xobeh
Okawaru
Qazlal
Ru
Sif Muna
Trog
Uskayaw
Vehumet
Wu Jian
Xom
Yredelemnul
Zin
The Shining One

Shops:
D:2 (   D:5 *   D:9 =   D:10 (

Annotations:
D:3 1 runed translucent door, Robin; ripuliukko's ghost, amateur GrEE


Innate Abilities, Weirdness & Mutations

You are very small and have problems with some larger weapons.
You are too small for most types of armour.
You have supernaturally acute eyesight. (SInv)
You cover ground extremely quickly. (Speed+++)


Message History

The acid dragon barely misses you. The acid dragon misses you.
You climb upwards.
There is a stone staircase leading down here.
You hit the acid dragon but do no damage.
The acid dragon misses you. The acid dragon closely misses you.
You hit the acid dragon but do no damage.
The acid dragon closely misses you. The acid dragon misses you.
You hit the acid dragon.
The acid dragon is lightly wounded.
The acid dragon is distracted by your dazzling golden aura.
The acid dragon roars!
You puncture the acid dragon!
Lightning courses through the acid dragon!
The acid dragon is no longer distracted by gold.
The acid dragon is severely wounded.
The acid dragon spits acid at you. The splash of acid hits you!!
The acid corrodes you!
You barely miss the acid dragon.
The acid dragon is severely wounded.
The acid dragon bites you. The acid dragon closely misses you.
You hit the acid dragon but do no damage.
The acid dragon is severely wounded.
The acid dragon completely misses you.
The acid dragon claws you but does no damage.
You barely miss the acid dragon.
The acid dragon is severely wounded.
The acid dragon closely misses you. The acid dragon misses you.
You barely miss the acid dragon.
The acid dragon is severely wounded.
The acid dragon spits acid at you. The splash of acid hits you!!
* * * LOW HITPOINT WARNING * * *
The acid corrodes you!
Aiming: Paralyse
Press: ? - help, Shift-Dir - straight line, f - acid dragon
Aim: an acid dragon (severely wounded, catching its breath, chance to affect: 52%)
The acid dragon resists with significant effort.
The acid dragon bites you!
You die...
Your body crumbles into a pile of gold.

..# #.......................
..########)...###................
..............# #...######...###.
..............# #...# #...# #.
..............# #...# #...# #.
..............# #...# #...# #.
..########....###...# #...###.
..# #.....D....######...>... ..#
#......@................ ..#
#....###................ ..#
#....# #....###.........
..########....# #....# #...######
..............# #....# #...# #
..............# #....# #...# #
..............# #....# #...# #
..#########...# #....# #...# #
..#########<..###....###...######


You could see an acid dragon (catching breath).

Vanquished Creatures
  A two-headed ogre (D:10)
  Joseph (D:9)
  2 unseen horrors (D:10)
  A troll (D:10)
  A hornet (D:9)
  A wyvern (D:9)
  13 yaks
  A wraith (D:9)
  Eustachio (D:6)
  A water moccasin (D:5)
  3 acid dragons
  Duvessa (D:5)
  2 ice beasts
  2 black bears
  2 orc warriors (D:8)
  4 sky beasts
  2 ogres (D:5)
  5 centaurs
  3 kobold brigands
  Blork the orc (D:5)
  6 bullfrogs
  A gnoll sergeant (D:9)
  2 scorpions
  18 wights
  Dowan (D:5)
  14 killer bees
  3 howler monkeys (D:5)
  6 hounds
  3 jellies
  7 orc priests
  4 sleepcaps
  3 iguanas
  7 orc wizards
  23 gnolls
  7 adders
  A shadow imp (D:6)
  2 white imps (D:6)
  6 ufetubi
  2 worms
  A dart slug (D:3)
  46 orcs
  6 ball pythons
  5 endoplasms
  2 giant cockroaches
  12 hobgoblins
  19 jackals
  16 kobolds
  7 quokkas
  6 bats
  4 frilled lizards
  16 goblins
  4 rats
308 creatures vanquished.

Notes
Turn   | Place    | Note
-------+----------+-------------------------------------------
     0 | D:1      | Chiseanne the Spriggan Wanderer began the quest for the
                  | Orb.
     0 | D:1      | Chiseanne set off with the following items: a +0 sling, a
                  | +0 hat, a potion of might, a +0 robe; and the following
                  | spell memorised: Sandblast; and the following spells
                  | available to memorise: Inner Flame, Ozocubu's Armour,
                  | Volatile Blastmotes.
     0 | D:1      | Reached XP level 1. HP: 10/10 MP: 5/5
   124 | D:1      | Reached skill level 2 in Stealth
   224 | D:1      | Reached XP level 2. HP: 14/14 MP: 1/6
   851 | D:2      | Reached XP level 3. HP: 18/18 MP: 8/8
   873 | D:2      | Found a bloodstained altar of Trog.
  1081 | D:2      | Reached skill level 3 in Stealth
  1215 | D:2      | Reached XP level 4. HP: 11/23 MP: 2/9
  1474 | D:2      | Found a faded altar of an unknown god.
  1511 | D:2      | Found Vaowamp's Antique Weapon Shoppe.
  2196 | D:3      | Reached XP level 5. HP: 26/26 MP: 10/10
  2343 | D:3      | HP: 1/26 [iguana (11)]
  2553 | D:3      | Reached skill level 4 in Stealth
  3094 | D:3      | Found a runed translucent door.
  3144 | D:3      | Noticed Robin
  3457 | D:3      | Noticed ripuliukko's ghost (amateur GrEE)
  3893 | D:4      | Reached XP level 6. HP: 22/32 MP: 11/11
  3960 | D:4      | Reached skill level 5 in Stealth
  4175 | D:4      | Reached skill level 5 in Dodging
  4548 | D:4      | Found a staircase to the Ecumenical Temple.
  4635 | D:4      | Found a blossoming altar of Fedhas.
  4736 | D:4      | Reached XP level 7. HP: 34/36 MP: 12/12
  5125 | D:5      | Entered Level 5 of the Dungeon
  5156 | D:5      | Reached skill level 6 in Stealth
  5347 | D:5      | Found a stormy altar of Qazlal.
  5537 | D:5      | Reached skill level 7 in Stealth
  5603 | D:5      | Reached XP level 8. HP: 42/42 MP: 13/13
  5624 | D:5      | Reached skill level 5 in Ranged Weapons
  5744 | D:5      | Noticed Duvessa
  5745 | D:5      | Noticed Dowan
  5798 | D:5      | Killed Duvessa
  5808 | D:5      | Killed Dowan
  5809 | D:5      | Reached skill level 8 in Stealth
  6035 | D:5      | Found Gusu's Serpentskin Sales.
  6144 | D:5      | Noticed Blork the orc
  6152 | D:5      | Killed Blork the orc
  6240 | D:5      | Identified the ring "Gona" {Fly rPois}
  6288 | D:5      | Reached skill level 9 in Stealth
  6869 | Temple   | Entered the Ecumenical Temple
  6908 | Temple   | Became a worshipper of Gozag Ym Sagoz the Greedy
  7088 | D:6      | Reached XP level 9. HP: 46/46 MP: 14/14
  7121 | D:6      | Reached skill level 5 in Fighting
  7559 | D:6      | Noticed Eustachio
  7604 | D:6      | Killed Eustachio
  8020 | D:6      | Reached skill level 10 in Stealth
  8886 | D:7      | Reached skill level 11 in Stealth
  9263 | D:8      | Reached XP level 10. HP: 53/53 MP: 15/15
  9410 | D:8      | Reached skill level 10 in Dodging
  9855 | D:9      | Reached skill level 12 in Stealth
 10517 | D:9      | Noticed Joseph
 10526 | D:9      | Killed Joseph
 11020 | D:9      | Chiseanne: right...somebody opened the door...
 11042 | D:10     | Entered Level 10 of the Dungeon
 11045 | D:10     | Found Vigroh's Weapon Shoppe.
 11111 | D:10     | Reached skill level 13 in Stealth
 11382 | D:10     | Reached XP level 11. HP: 37/58 MP: 16/16
 11936 | D:10     | Noticed a two-headed ogre
 11947 | D:10     | Identified the +1 helmet "Xontoujo" {Rampage Drain +Inv}
 12037 | D:10     | Chiseanne: what did I say? excactly untilt he other one is
                  | there,,FU
 12037 | D:10     | Chiseanne: rng my ass
 12173 | D:10     | Killed a two-headed ogre
 12688 | D:5      | Bought +0 swamp dragon scales for 700 gold pieces
 13006 | D:10     | Slain by an acid dragon

Illustrated notes

Levels and vault maps discovered:
D:1:      mrwooster_arrival_statue_2, layout_loops_ring
D:2:      layout_loops_ring, ebering_ecumenical_altar_rust, serial_shops,
          shop_fountains, basic_altar
D:3:      layout_basic, gammafunk_ghost_grave, reono_crystal_passage,
          chequers_garden, minmay_randomly_rotated_circles, uniq_robin
D:4:      layout_basic, minmay_temple_entry_gardened_gates, minmay_ruined_shrine
D:5:      lemuel_castle_with_subvaults [lemuel_castle_interior_carwin_1],
          layout_basic, nicolae_qazlal_beasts_of_the_sky, grunt_decor_arrowhead,
          hangedman_abyss_or_decor_lesser_grid, amcnicky_mini_pool_small,
          nrook_mini_backslash, guppyfry_shop_venom, uniq_blork_the_orc,
          uniq_duvessa
D:6:      layout_basic, uniq_eustachio
D:7:      layout_rooms
D:8:      layout_rooms, st_stairs_8
D:9:      wad_crossroads, layout_irregular_city,
          hangedman_decor_clover_reticule, minivault_25_ag, uniq_joseph
D:10:     layout_small_grid, serial_shops, nicolae_shop_bloodbath_and_beyond
D:11:     layout_gridville, lair_entry_dummy, uniq_erica
Temple:   kilobyte_greek_temple

Skill      XL: |  1  2  3  4  5  6  7  8  9 10 11 |
---------------+----------------------------------+-----
Stealth        | 2 3 4 5 7 9 11 13 | 13.7
Dodging        | 3 4 5 6 8 9 11 | 11.9
Fighting       | 2 3 4 6 7 |  7.6
Ranged Weapons | 3 4 6 7 8 9 |  9.2
Armour         | |  0.1
Shields        | |  0.1
Spellcasting   | |  2.8
Evocations     | |  1.5

Action                     |  1- 3 |  4- 6 |  7- 9 | 10-12 || total
---------------------------+-------+-------+-------+-------++-------
  Melee: Rapier            |       |   102 |    19 |       ||   121
         Dagger            |       |    19 |    13 |   174 ||   206
         Punch             |       |       |     3 |     3 ||     6
         Whip              |       |       |     2 |       ||     2
   Fire: Sling             |    80 |   240 |   520 |   323 ||  1163
  Throw: Dart              |       |     3 |       |       ||     3
         Throwing net      |       |     1 |       |       ||     1
   Cast: Sandblast         |    33 |    29 |     1 |       ||    63
 Invoke: Call Merchant     |       |       |       |     1 ||     1
  Evoke: Wand              |       |       |     3 |     4 ||     7
    Use: Scroll            |     3 |     7 |     8 |     5 ||    23
         Potion            |       |     1 |       |     1 ||     2
   Stab: Sleeping          |       |     1 |     4 |     5 ||    10
         Held in net/web   |       |     1 |       |       ||     1
         Invisible         |       |       |       |     3 ||     3
         Paralysed         |       |       |       |     1 ||     1
 Armour: Robe              |    29 |    79 |    50 |    53 ||   211
         Swamp dragon scal |       |       |       |    12 ||    12
  Dodge: Dodged            |    66 |   191 |   194 |   252 ||   703
  Block: Buckler           |       |       |       |     3 ||     3

Table legend: (Time is in decaauts)
 A = Elapsed time spent in this place.
 B = Non-inter-level travel time spent in this place.
 C = Inter-level travel time spent in this place.
 D = Time resting spent in this place.
 E = Time spent auto-exploring this place.
 F = Levels seen in this place.
 G = Mean time per level.
                   A        B        C        D        E       F      G
               +--------+--------+--------+--------+--------+-----+--------+
         Total |   9959 |   9617 |    342 |   1780 |   4538 |  12 |  829.9 |
       Dungeon |   9911 |   9608 |    303 |   1780 |   4538 |  11 |  901.0 |
        Temple |     48 |     10 |     38 |      0 |      0 |   1 |   48.0 |
               +--------+--------+--------+--------+--------+-----+--------+

Top non-repeatable levels by time:
     D:5: 1415 daAuts
    D:10: 1315 daAuts
     D:3: 1260 daAuts
     D:4: 1250 daAuts
     D:6: 1033 daAuts
     D:9: 1022 daAuts
     D:2: 842 daAuts
     D:1: 633 daAuts
     D:7: 610 daAuts
     D:8: 480 daAuts
  Temple: 48 daAuts
    D:11: 45 daAuts
